AoeStats
← bestingame23

Pilgrims

510018288Analyzed
3v3 RM · 4d ago on Sep 29, 2026· 77m 27s· 6 players
Game mode
Random Map
Map size
Normal (6 player)
Population
200
Speed
Normal
Resources
Standard
Victory
Conquest
Starting age
Dark Age
Ending age
Imperial Age
RankedLock teamsTeams togetherTeam positionsShared explorationLock speedFull tech treeHidden civsTurbo modeCheats
Victory
Defeat
🇺🇸 Koreans · United States
1132
+15
🇺🇸 Byzantines · United States
1132
+15
🇺🇸 Romans · United States
1119
+15
🇨🇱 Spanish · Chile
1123
-17
🇹🇼 Goths · Taiwan
1114
-15
🇨🇱 Italians · Chile
1064
-13
Sirsoberbio
7:17 Loom
12:07 Feudal Age
16:38 Castle Age
15:18 Stone Mining
16:40 Fletching
20:06 Fishing Lines
20:31 Double-Bit Axe
30:26 Horse Collar
32:25 Heavy Plow
32:37 Bow Saw
36:12 Imperial Age
35:51 Wheelbarrow
36:25 Ballistics
38:02 Chemistry
37:43 Conscription
43:03 Hand Cart
42:34 Town Watch
47:02 Light Cavalry
47:52 Bloodlines
47:42 Husbandry
48:23 Supremacy
48:42 Hussar
50:44 Two-Man Saw
50:18 Scale Barding Armor
50:23 Forging
50:21 Gold Mining
50:09 Elite Conquistador
53:04 Stone Shaft Mining
52:57 Block Printing
52:53 Redemption
52:20 Elite Cannon Galleon
54:55 Chain Barding Armor
55:11 Iron Casting
61:37 Plate Barding Armor
62:02 Blast Furnace
64:30 Blast Furnace
64:02 Cavalier
66:48 Bodkin Arrow
73:38 Caravan
lyusen
5:45 Loom
11:59 Feudal Age
12:35 Double-Bit Axe
14:44 Fletching
17:30 Wheelbarrow
20:05 Castle Age
22:33 Hand Cart
22:35 Scale Barding Armor
22:40 Forging
22:33 Town Watch
25:21 Husbandry
25:32 Bloodlines
28:14 Padded Archer Armor
28:11 Bodkin Arrow
30:17 Ballistics
30:44 Bow Saw
36:33 Imperial Age
39:01 Chemistry
38:02 Bracer
38:05 Padded Archer Armor
39:48 Conscription
45:51 Murder Holes
45:24 Man-at-Arms
47:27 Cavalier
49:24 Hoardings
49:56 Long Swordsman
51:36 Two-Handed Swordsman
55:50 Champion
59:31 Two-Man Saw
59:39 Chain Barding Armor
59:55 Iron Casting
58:58 Pikeman
59:38 Squires
69:55 Pirotechnia
72:12 Gold Mining
72:12 Stone Mining
Meow嗷嗚
4:43 Loom
12:13 Feudal Age
13:46 Fishing Lines
16:08 Man-at-Arms
22:01 Horse Collar
27:33 Castle Age
26:58 Double-Bit Axe
28:10 Pikeman
28:16 Long Swordsman
31:18 Squires
32:37 Fletching
44:09 Scale Mail Armor
44:19 Forging
49:24 Chain Mail Armor
49:45 Iron Casting
52:56 Bow Saw
54:26 Bodkin Arrow
59:31 Imperial Age
57:08 Anarchy
60:31 Imperial Age
58:37 Wheelbarrow
60:40 Two-Handed Swordsman
61:47 Champion
63:34 Blast Furnace
64:11 Conscription
66:04 Halberdier
69:29 Hand Cart
69:41 Caravan
bestingame23
9:54 Loom
11:49 Feudal Age
12:22 Man-at-Arms
14:43 Wheelbarrow
17:59 Double-Bit Axe
21:27 Castle Age
20:24 Horse Collar
21:27 Long Swordsman
21:35 Pikeman
22:27 Scale Mail Armor
22:38 Forging
23:06 Squires
30:43 Bow Saw
32:53 Fletching
33:03 Padded Archer Armor
33:19 Chain Mail Armor
32:56 Elite Skirmisher
35:39 Hand Cart
36:36 Town Watch
39:02 Scale Barding Armor
39:14 Leather Archer Armor
40:14 Ballistics
40:55 Town Patrol
47:51 Imperial Age
48:02 Legionary
48:13 Capped Ram
49:36 Iron Casting
49:32 Ring Archer Armor
48:56 Light Cavalry
50:49 Siege Ram
53:18 Heavy Scorpion
55:40 Conscription
56:59 Ballistas
57:03 Heavy Plow
58:36 Comitatenses
67:34 Halberdier
73:31 Chemistry
72:37 Siege Engineers
72:44 Masonry
Slaylan
7:07 Loom
12:38 Feudal Age
15:13 Wheelbarrow
19:32 Castle Age
17:57 Scale Barding Armor
18:03 Forging
18:32 Stone Mining
18:37 Double-Bit Axe
18:38 Horse Collar
21:33 Castle Age
19:26 Gold Mining
29:29 Elite Skirmisher
32:27 Padded Archer Armor
32:18 Fletching
37:39 Imperial Age
35:38 Chain Barding Armor
35:34 Leather Archer Armor
37:07 Iron Casting
40:14 Plate Barding Armor
40:02 Bodkin Arrow
45:32 Ring Archer Armor
45:04 Bracer
52:37 Cavalier
54:10 Paladin
63:22 Gold Shaft Mining
64:17 Elite Cataphract
66:19 Conscription
71:25 Husbandry
72:57 Logistica
Skymall
7:17 Loom
12:25 Feudal Age
13:47 Double-Bit Axe
14:00 Fletching
17:00 Stone Mining
21:30 Castle Age
25:19 Bodkin Arrow
26:46 Town Watch
27:47 Wheelbarrow
32:33 Masonry
34:33 Horse Collar
37:30 Treadmill Crane
44:22 Imperial Age
43:56 Scale Mail Armor
44:07 Forging
45:30 Hand Cart
46:46 Eupseong
46:49 Murder Holes
50:03 Bracer
52:11 Ballistics
53:25 Arrowslits
56:26 Bow Saw
58:01 Chemistry
57:18 Squires
60:35 Chain Mail Armor
63:47 Pikeman
67:25 Conscription
68:37 Architecture
68:13 Siege Engineers
68:22 Halberdier
70:10 Elite Fire Lancer
72:57 Iron Casting
72:49 Husbandry
Connection lost

Rejoining the realm…

Still unreachable

The connection could not be restored.

Session expired

The server has moved on; the page needs a fresh start.